 Dungeon Crawl Stone Soup version 0.30-a0-709-gcdc1b43e22 (webtiles) character file.

Game seed: 7081862148174805249

385 Alitron123 the Cudgeller (level 6, 0/39 HPs)
             Began as a Gargoyle Berserker on Jan 22, 2023.
             Was a Believer of Trog.
             Slain by a gnoll
             ... wielding a +0 spear
             ... led by a gnoll bouda
              (2 damage)
             ... on level 5 of the Dungeon.
             The game lasted 00:04:31 (3300 turns).

Alitron123 the Cudgeller (Gargoyle Berserker)       Turns: 3300, Time: 00:04:32

Health: 0/39       AC: 13    Str: 22    XL:     6   Next: 77%
Magic:  6/6        EV:  8    Int:  8    God:    Trog [**....]
Gold:   162        SH:  0    Dex:  9    Spells: 5/5 levels left

rFire   . . .      SeeInvis .    a - +2 mace (flame)
rCold   . . .      Faith    .    (no shield)
rNeg    + . .      Spirit   .    k - +0 chain mail
rPois   ∞          Reflect  .    (no helmet)
rElec   +          Harm     .    (no cloak)
rCorr   .          Rampage  .    (no gloves)
Will    .....                    (no boots) Stlth
                                 (no amulet)
HPRegen 0.26/turn                (no ring)
MPRegen 0.10/turn                (no ring)

@: on berserk cooldown, slowed, very slow
A: sickness immunity, AC +4, negative energy resistance 1, electricity
resistance, torment resistance 1, petrification resistance
a: Renounce Religion, Berserk, Trog's Hand


You were on level 5 of the Dungeon.
You worshipped Trog.
Trog was pleased with you.
You visited 1 branch of the dungeon, and saw 5 of its levels.

You collected 162 gold pieces.

Inventory:

Hand Weapons
 a - a +2 mace of flaming (weapon)
Armour
 k - a +0 chain mail (worn)
Jewellery
 b - an amulet of faith
Scrolls
 e - 2 scrolls of amnesia
 g - a scroll of fear
 h - 4 scrolls of teleportation
Potions
 c - 3 potions of berserk rage
 d - a potion of lignification {unknown}
 f - a potion of curing
 i - a potion of might {unknown}
 j - 2 potions of ambrosia {unknown}
 m - a potion of mutation {unknown}


   Skills:
 + Level 4.5 Fighting
 + Level 5.4 Maces & Flails
 + Level 2.7 Armour
 + Level 2.8 Dodging
 + Level 2.3 Stealth


You had 5 spell levels left.
You didn't know any spells.
Your spell library was empty.

Dungeon Overview and Level Annotations

Branches:
Dungeon (5/15)
 Temple: D:4-7

Altars:


Innate Abilities, Weirdness & Mutations

You are immune to sickness and miasma.
Your stone body is resilient. (AC +4)
You are immune to poison.
You resist negative energy. (rN+)
You are resistant to electric shocks. (rElec)
You are resistant to unholy torment.
You are immune to petrification.


Message History

The gnoll hits you from afar with a +0 spear.
The gnoll hits you from afar with a +0 halberd.
* * * LOW HITPOINT WARNING * * *
The gnoll closely misses you.
You are too injured to fight recklessly!
You are too injured to fight recklessly!
A red film seems to cover your vision as you go berserk!
You feel yourself moving faster!
You feel mighty!
The gnoll bouda hits you with a +0 whip.
* * * LOW HITPOINT WARNING * * *
The gnoll barely misses you.
The gnoll hits you but does no damage. x2
You bludgeon the gnoll bouda!! You burn the gnoll bouda.
You kill the gnoll bouda!
Trog accepts your kill. The gnoll hits you but does no damage.
The gnoll barely misses you. The gnoll closely misses you.
Items here: )) [ †.
You bludgeon the gnoll!! You burn the gnoll.
You kill the gnoll!
Trog accepts your kill.
The gnoll hits you but does no damage. x2
The gnoll barely misses you.
You feel a strong urge to attack something.
You are no longer berserk.
You are exhausted.
You feel yourself slow down.
The gnoll hits you but does no damage. x2
You hit the gnoll. You burn the gnoll.
The gnoll is heavily wounded.
The gnoll hits you but does no damage. x3; The gnoll hits you with a +0 spear!
* * * LOW HITPOINT WARNING * * *
You barely miss the gnoll.
The gnoll is heavily wounded.
The gnoll hits you but does no damage. The gnoll barely misses you.
The gnoll hits you but does no damage.
You barely miss the gnoll.
The gnoll is heavily wounded.
The gnoll hits you with a +0 spear.
* * * LOW HITPOINT WARNING * * *
The gnoll hits you from afar with a +0 spear.
You die...

....#)#..........#.#
....#)#..........#.#
....#.#..........#.#
... #.#..........#.#
#.##########.#.# #.#
#######.#.####.##
#.#
#.....#..........
#.#
#....g###.####.##
#<# +....)g@.......#
#.# #.....###......#
#.# #..... .........
#.# #..... ###.#....
#.# #..... .#....
#.# #..... .# ...
#.# #..... .# ## #.#
#.....


You could see 2 gnolls.

Vanquished Creatures
  2 black bears
  A hound (D:3)
  A gnoll bouda (D:5)
  5 gnolls
  An adder (D:2)
  A worm (D:2)
  6 orcs
  8 endoplasms
  A giant cockroach (D:2)
  8 goblins
  8 hobgoblins
  3 jackals (D:1)
  2 quokkas
  12 ball pythons
  3 bats
  5 frilled lizards
  6 kobolds
  8 rats
81 creatures vanquished.

Notes
Turn   | Place    | Note
-------+----------+-------------------------------------------
     0 | D:1      | Alitron123 the Gargoyle Berserker began the quest for the
                  | Orb.
     0 | D:1      | Reached XP level 1. HP: 14/14 MP: 1/1
    97 | D:1      | Reached XP level 2. HP: 15/19 MP: 2/2
   181 | D:1      | Found a faded altar of an unknown god.
   431 | D:1      | Reached XP level 3. HP: 24/24 MP: 3/3
   569 | D:2      | Reached ** piety under Trog
   985 | D:2      | Reached skill level 1 in Stealth
  1191 | D:2      | Reached XP level 4. HP: 29/29 MP: 4/4
  1267 | D:3      | You fall into a shaft and drop 1 floor!
  1370 | D:3      | HP: 2/43 [hound (1)]
  1373 | D:3      | Reached skill level 4 in Maces & Flails
  1745 | D:3      | Reached XP level 5. HP: 33/33 MP: 5/5
  2654 | D:4      | Noticed a black bear
  2660 | D:4      | Killed a black bear
  2661 | D:4      | Reached XP level 6. HP: 39/39 MP: 6/6
  3187 | D:5      | Entered Level 5 of the Dungeon
  3195 | D:5      | Noticed a black bear
  3206 | D:5      | Killed a black bear
  3207 | D:5      | Reached skill level 5 in Maces & Flails
  3300 | D:5      | Slain by a gnoll

Illustrated notes

Levels and vault maps discovered:
D:1:      eino_arrival_water_star, layout_basic,
          hellmonk_ecumenical_altar_blasted, minmay_tetromino_o4
D:2:      layout_basic, kennysheep_another_room, minmay_misc_feat_encased
D:3:      minmay_recursive_quarters, layout_loops_ring
D:4:      layout_basic
D:5:      layout_basic

Skill      XL: |  1  2  3  4  5  6 |
---------------+-------------------+-----
Dodging        | 2 |  2.8
Stealth        | 1 2 |  2.3
Fighting       | 4 |  4.5
Maces & Flails | 4 5 |  5.4
Armour         | |  2.7

Action                     |  1- 3 |  4- 6 || total
---------------------------+-------+-------++-------
  Melee: Mace              |   118 |   102 ||   220
         Punch             |       |     1 ||     1
 Invoke: Berserk           |       |     4 ||     4
    Use: Scroll            |     4 |     5 ||     9
         Potion            |     1 |       ||     1
   Stab: Sleeping          |     3 |       ||     3
 Armour: Animal skin       |    43 |    18 ||    61
         Ring mail         |       |    10 ||    10
         Chain mail        |       |    36 ||    36
  Dodge: Dodged            |    97 |    77 ||   174

Table legend: (Time is in decaauts)
 A = Elapsed time spent in this place.
 B = Non-inter-level travel time spent in this place.
 C = Inter-level travel time spent in this place.
 D = Time resting spent in this place.
 E = Time spent auto-exploring this place.
 F = Levels seen in this place.
 G = Mean time per level.
                   A        B        C        D        E       F      G
               +--------+--------+--------+--------+--------+-----+--------+
         Total |   3371 |   3089 |    282 |      0 |   2496 |   5 |  674.2 |
       Dungeon |   3371 |   3089 |    282 |      0 |   2496 |   5 |  674.2 |
               +--------+--------+--------+--------+--------+-----+--------+

Top non-repeatable levels by time:
     D:3: 1025 daAuts
     D:4: 964 daAuts
     D:2: 680 daAuts
     D:1: 575 daAuts
     D:5: 125 daAuts
